AoeStats
← BOOMKILLED

Arena

509515471Analyzed
4v4 RM · 5d ago on Sep 27, 2026· 46m 40s· 8 players
Game mode
Random Map
Map size
Large (8 player)
Population
200
Speed
Normal
Resources
Standard
Victory
Conquest
Starting age
Dark Age
Ending age
Imperial Age
RankedLock teamsTeams togetherTeam positionsShared explorationLock speedFull tech treeHidden civsTurbo modeCheats
Victory
Defeat
🇨🇱 Bohemians · Chile
580
+18
🇨🇱 Vikings · Chile
548
+19
🇨🇦 Romans · Canada
495
+21
🇹🇷 Danes · Türkiye
372
+25
🇺🇸 Spanish · United States
676
-23
🇺🇸 Turks · United States
604
-21
🇺🇸 Britons · United States
596
-20
🇺🇸 Teutons · United States
549
-19
BOOMKILLED
11:12 Loom
13:14 Feudal Age
14:45 Wheelbarrow
18:27 Double-Bit Axe
18:35 Horse Collar
19:43 Town Watch
19:31 Man-at-Arms
22:10 Gold Mining
22:18 Stone Mining
28:41 Castle Age
30:17 Long Swordsman
32:17 Hand Cart
32:06 Heavy Plow
32:46 Gold Shaft Mining
38:57 Forging
38:53 Scale Barding Armor
38:49 Scale Mail Armor
38:50 Padded Archer Armor
38:41 Fletching
40:53 Caravan
41:25 Coinage
41:35 Bow Saw
42:09 Iron Casting
41:50 Chain Mail Armor
41:56 Chain Barding Armor
41:51 Squires
49:21 Imperial Age
rodrigooboeponce
0:32 Loom
11:45 Feudal Age
12:16 Horse Collar
12:22 Double-Bit Axe
12:31 Gold Mining
12:31 Stone Mining
21:54 Castle Age
22:11 Pikeman
22:52 Squires
24:15 Heavy Plow
24:27 Bow Saw
24:12 Arson
25:00 Scale Mail Armor
27:28 Forging
28:30 Chain Mail Armor
29:46 Iron Casting
32:02 Caravan
36:13 Imperial Age
34:00 Stone Mining
34:47 Gold Shaft Mining
37:28 Crop Rotation
38:00 Two-Man Saw
37:33 Treadmill Crane
38:56 Chemistry
38:16 Ballistics
37:34 Crossbowman
37:42 Elite Skirmisher
39:09 Plate Mail Armor
38:31 Fletching
39:42 Blast Furnace
38:43 Padded Archer Armor
41:04 Conscription
41:35 Elite Berserk
43:09 Leather Archer Armor
42:49 Bodkin Arrow
45:17 Arbalester
valdes.sebastian
0:31 Loom
13:43 Feudal Age
15:27 Wheelbarrow
16:40 Horse Collar
16:52 Double-Bit Axe
22:14 Forging
22:06 Scale Mail Armor
24:33 Castle Age
25:52 Hand Cart
27:38 Pikeman
30:23 Bow Saw
31:46 Caravan
32:24 Iron Casting
31:55 Scale Barding Armor
34:24 Chain Barding Armor
34:25 Husbandry
34:31 Heavy Plow
36:18 Elite Skirmisher
38:21 Chain Mail Armor
37:57 Fletching
38:07 Padded Archer Armor
41:00 Imperial Age
38:52 Squires
41:30 Ballistics
41:21 Masonry
41:07 Murder Holes
42:14 Chemistry
42:50 Blast Furnace
42:21 Plate Mail Armor
41:47 Bodkin Arrow
42:08 Leather Archer Armor
42:37 Conscription
41:50 Cavalier
43:36 Two-Man Saw
44:21 Elite Hussite Wagon
李靖
10:33 Feudal Age
11:03 Loom
15:16 Castle Age
13:54 Double-Bit Axe
14:55 Horse Collar
16:51 Heavy Plow
17:38 Bow Saw
22:45 Gold Mining
22:45 Stone Mining
22:45 Gold Mining
22:45 Stone Mining
26:45 Gold Shaft Mining
26:45 Stone Shaft Mining
26:45 Gold Shaft Mining
26:45 Stone Shaft Mining
26:45 Gold Shaft Mining
26:01 Town Watch
28:39 Wheelbarrow
29:08 Forging
28:58 Scale Mail Armor
30:37 Iron Casting
32:44 Imperial Age
29:53 Hamask
30:50 Arson
31:06 Squires
30:52 Gambesons
32:23 Chain Mail Armor
32:00 Fletching
32:57 Elite Jomsviking
34:03 Conscription
33:40 Capped Ram
34:43 Siege Ram
36:38 Blast Furnace
36:09 Plate Mail Armor
35:06 Northmen's Fury
36:45 Elite Varangian Guard
37:25 Bodkin Arrow
37:27 Heavy Scorpion
39:07 Hoardings
41:18 Bracer
41:18 Padded Archer Armor
43:11 Onager
44:34 Scale Barding Armor
44:45 Leather Archer Armor
45:02 Siege Onager
46:52 Hand Cart
46:37 Town Patrol
joshua63775
12:56 Feudal Age
11:15 Loom
17:51 Castle Age
16:18 Double-Bit Axe
22:32 Wheelbarrow
21:52 Fletching
22:05 Padded Archer Armor
26:12 Leather Archer Armor
33:16 Imperial Age
32:15 Bloodlines
32:06 Husbandry
32:45 Hand Cart
39:40 Elite Janissary
johnrodhouse
8:49 Loom
10:48 Feudal Age
11:32 Horse Collar
16:48 Double-Bit Axe
16:58 Gold Mining
17:00 Stone Mining
17:10 Stone Mining
23:02 Castle Age
37:06 Imperial Age
40:47 Padded Archer Armor
40:38 Fletching
mikee989
8:38 Loom
11:40 Feudal Age
14:23 Horse Collar
18:50 Castle Age
22:49 Heavy Plow
23:34 Wheelbarrow
29:53 Arson
30:33 Scale Mail Armor
30:46 Forging
32:04 Scale Mail Armor
34:47 Iron Casting
34:05 Fletching
37:30 Squires
37:30 Bodkin Arrow
38:47 Iron Casting
40:17 Double-Bit Axe
42:30 Chain Mail Armor
44:36 Scale Barding Armor
junstar
11:33 Feudal Age
15:39 Castle Age
18:21 Double-Bit Axe
18:39 Horse Collar
24:52 Stone Mining
25:19 Bow Saw
25:03 Gold Mining
32:17 Imperial Age
30:25 Wheelbarrow
31:19 Heavy Plow
32:08 Bloodlines
32:03 Husbandry
33:50 Stone Shaft Mining
32:48 Cavalier
34:08 Scale Barding Armor
34:31 Paladin
35:30 Town Watch
36:01 Hand Cart
38:08 Chain Barding Armor
Connection lost

Rejoining the realm…

Still unreachable

The connection could not be restored.

Session expired

The server has moved on; the page needs a fresh start.